 Dungeon Crawl Stone Soup version 0.21-a0-272-g984ae92 (webtiles) character file.

2120 motkurip the Ruffian (level 9, -3/67 HPs)
             Began as a Demonspawn Fighter on Sept 15, 2017.
             Was a Follower of Makhleb.
             Killed from afar by an electric eel (11 damage)
             ... with a bolt of electricity
             ... on level 8 of the Dungeon.
             The game lasted 00:18:16 (3938 turns).

motkurip the Ruffian (Demonspawn Fighter)           Turns: 3938, Time: 00:18:17

Health: -3/67      AC:  9    Str: 19    XL:     9   Next: 8%
Magic:  12/12      EV:  8    Int:  9    God:    Makhleb [*.....]
Gold:   304        SH: 10    Dex: 14    Spells: 8/8 levels left

rFire    . . .     SeeInvis .     - Unarmed
rCold    . . .     Gourm    .   c - +0 shield
rNeg     . . .     Faith    .   k - +3 ring mail
rPois    .         Spirit   .   j - +0 helmet
rElec    .         Reflect  .   (no cloak)
rCorr    .         Harm     .   (no gloves)
MR       .....                  (no boots)
Stlth    +.........             (no amulet)
HPRegen  0.21/turn              D - ring of flight
MPRegen  0.13/turn              (no ring)

@: flying
A: claws 1, powered by death 2, spiny 2
a: Renounce Religion


You were on level 8 of the Dungeon.
You worshipped Makhleb.
Makhleb was aware of your devotion.
You were not hungry.

You visited 2 branches of the dungeon, and saw 9 of its levels.

You collected 304 gold pieces.

Inventory:

Hand Weapons
 a - a +0 war axe
 i - a +1 dagger of flaming
 t - a +0 halberd
Missiles
 o - 8 javelins (quivered)
Armour
 c - a +0 shield (worn)
 j - a +0 helmet (worn)
 k - a +3 ring mail (worn)
Jewellery
 D - a ring of flight (left claw)
Wands
 A - a wand of polymorph (8/24)
Scrolls
 b - a scroll of random uselessness {unknown}
 g - 2 scrolls of remove curse
 h - 3 scrolls of teleportation
 q - a scroll of noise {unknown}
 u - a scroll of recharging {unknown}
 w - 2 scrolls of amnesia {unknown}
 y - 2 scrolls of enchant armour
 B - a scroll of magic mapping {unknown}
 E - a scroll of blinking {unknown}
 H - a scroll of enchant weapon {unknown}
Potions
 d - 2 potions of might
 l - a potion of curing
 v - a potion of berserk rage {unknown}
 x - a potion of invisibility {unknown}
 z - a potion of lignification {unknown}
 C - a potion of resistance {unknown}
 G - a potion of agility
Books
 e - a book of Cantrips

   Spells                             Type                      Level
   a - Confusing Touch                Hexes                        1
   b - Animate Skeleton               Necromancy                   1
   c - Summon Small Mammal            Summoning                    1
   d - Apportation                    Translocation                1
Comestibles
 f - 6 bread rations
 m - 3 meat rations
 r - 2 royal jellies


   Skills:
 + Level 4.8 Fighting
 - Level 2.2 Axes
 - Level 3.1 Armour
 + Level 6.0 Shields
 * Level 7.7 Unarmed Combat
 + Level 4.9 Invocations


You had 8 spell levels left.
You didn't know any spells.

Dungeon Overview and Level Annotations

Branches:
Dungeon (8/15)             Temple (1/1) D:5
   Lair: D:8-11

Altars:
Cheibriados
Dithmenos
Elyvilon
Fedhas
Gozag
Hepliaklqana
Makhleb
Qazlal
Ru
Sif Muna
Trog
Uskayaw
Vehumet
Wu Jian
Xom
Yredelemnul
Zin
The Shining One

Annotations:
D:3 1 runed door
D:6 Eustachio


Innate Abilities, Weirdness & Mutations

You have sharp fingernails.
You regenerate health from kills.
You are mostly covered in sharp spines.


Message History

The electric eel shoots out a bolt of lightning at you!
The bolt of electricity hits you!
* * * LOW HITPOINT WARNING * * *
The bolt of electricity hits the plant. x2; The bolt of electricity hits you!
* * * LOW HITPOINT WARNING * * *
You feel much better.
The electric eel shoots out a bolt of lightning at you!
The bolt of electricity hits you!
* * * LOW HITPOINT WARNING * * *
The bolt of electricity hits the plant. x2; The bolt of electricity hits you!
* * * LOW HITPOINT WARNING * * *
Evoke which item? (* to show all) (? for menu, Esc to quit)
Aiming: Polymorph (will waste charges)
Press: ? - help, Shift-Dir - straight line, f - electric eel
Aim: an electric eel (chance to defeat MR: 54%)
The electric eel resists with significant effort.
Evoking this partially-identified wand wasted a few charges.
The electric eel shoots out a bolt of lightning at you!
The bolt of electricity hits you!
You die...

##..# #<..#
#...# #.###
#...## #
###..##
#.#...).#
#.P≈≈P≈.#
#.≈P@PPP#
#.P;≈≈PPP#
#.≈≈♣≈≈PP#
#≈.≈≈♣≈♣P.#
#P≈≈≈♣♣≈≈PP#
#≈P≈♣♣ ♣♣≈P#
..≈P♣ ≈PP.
..≈♣ P≈.


You could see an electric eel.

Vanquished Creatures
  Grinder (D:5)
  Prince Ribbit (D:5)
  Sigmund (D:6)
  An ice beast (D:7)
  A phantom (D:4)
  A sky beast (D:7)
  2 ogres
  A centaur (D:7)
  Blork the orc (D:6)
  A scorpion (D:7)
  3 howler monkeys
  4 crimson imps
  A human zombie (D:3)
  3 orc priests
  An iguana (D:4)
  2 orc wizards (D:3)
  2 centaur skeletons
  A jelly (D:7)
  A human skeleton (D:3)
  3 worker ants
  A hound skeleton (D:5)
  Robin (D:2)
  7 gnolls
  7 adders
  A shadow imp (D:7)
  An ooze (D:3)
  2 adder skeletons
  A worm (D:2)
  A dart slug (D:2)
  4 leopard geckos
  19 orcs
  5 bats
  5 giant cockroaches
  13 goblins
  13 hobgoblins
  12 jackals
  4 kobolds
  3 quokkas
  4 ball pythons
  6 frilled lizards
  A leopard gecko skeleton (D:4)
  2 leopard gecko zombies (D:5)
  4 rats
149 creatures vanquished.

Notes
Turn   | Place    | Note
-------+----------+-------------------------------------------
     0 | D:1      | motkurip the Demonspawn Fighter began the quest for the Orb.
     0 | D:1      | Reached XP level 1. HP: 18/18 MP: 1/1
   106 | D:1      | Gained mutation: You have sharp fingernails. [demonic ancestry]
   106 | D:1      | Reached XP level 2. HP: 23/24 MP: 2/2
   462 | D:2      | Reached skill level 1 in Unarmed Combat
   462 | D:2      | Reached XP level 3. HP: 9/29 MP: 3/3
   756 | D:2      | Noticed Robin
   807 | D:2      | Killed Robin
   807 | D:2      | Reached XP level 4. HP: 6/35 MP: 4/4
   833 | D:2      | Reached skill level 2 in Unarmed Combat
  1084 | D:3      | Found an opulent altar of Gozag.
  1086 | D:3      | Found a glowing golden altar of the Shining One.
  1087 | D:3      | Found a shadowy altar of Dithmenos.
  1088 | D:3      | Found a deep blue altar of Sif Muna.
  1088 | D:3      | Found a radiant altar of Vehumet.
  1091 | D:3      | Found a hide-covered altar of Uskayaw.
  1172 | D:3      | Found a runed door.
  1172 | D:3      | Noticed a human
  1342 | D:3      | Reached skill level 3 in Unarmed Combat
  1342 | D:3      | Reached XP level 5. HP: 31/41 MP: 5/5
  1538 | D:3      | Gained mutation: You are partially covered in sharp spines. [demonic ancestry]
  1538 | D:3      | Reached XP level 6. HP: 47/47 MP: 6/6
  1725 | D:4      | Reached skill level 4 in Unarmed Combat
  1950 | D:4      | Found a shimmering altar of Xom.
  2174 | D:4      | Reached skill level 5 in Unarmed Combat
  2174 | D:4      | Gained mutation: You are mostly covered in sharp spines. [demonic ancestry]
  2174 | D:4      | Reached XP level 7. HP: 40/52 MP: 7/7
  2256 | D:4      | Found a stormy altar of Qazlal.
  2364 | D:5      | Entered Level 5 of the Dungeon
  2374 | D:5      | Found a staircase to the Ecumenical Temple.
  2383 | Temple   | Entered the Ecumenical Temple
  2410 | Temple   | Became a worshipper of Makhleb the Destroyer
  2433 | D:5      | Noticed Prince Ribbit
  2464 | D:5      | Killed Prince Ribbit
  2464 | D:5      | Reached skill level 5 in Shields
  2464 | D:5      | Reached skill level 6 in Unarmed Combat
  2464 | D:5      | Reached skill level 1 in Invocations
  2686 | D:5      | Noticed Grinder
  2700 | D:5      | Killed Grinder
  2700 | D:5      | Gained mutation: You regenerate a little health from kills. [demonic ancestry]
  2700 | D:5      | Reached XP level 8. HP: 30/59 MP: 9/9
  2812 | D:5      | Found a white marble altar of Elyvilon.
  2855 | D:6      | Noticed Sigmund
  2873 | D:6      | Killed Sigmund
  3005 | D:6      | Noticed Blork the orc
  3016 | D:6      | Killed Blork the orc
  3109 | D:6      | Noticed Eustachio
  3510 | D:7      | Reached skill level 7 in Unarmed Combat
  3520 | D:7      | Reached * piety under Makhleb
  3709 | D:7      | Gained mutation: You regenerate health from kills. [demonic ancestry]
  3709 | D:7      | Reached XP level 9. HP: 51/67 MP: 12/12
  3752 | D:7      | Found a sacrificial altar of Ru.
  3936 | D:8      | HP: 3/67 [electric eel/bolt of electricity (9)]
  3938 | D:8      | Killed from afar by an electric eel

Vault maps used:
D:1:      mrwooster_arrival_statue, kennysheep_another_room, feat_on_display
D:2:      first_bread, hex_tiny, uniq_robin
D:3:      minitemple, dk_yredelemnul_ordeal
D:4:      corexii_shack_village, old_standard_altar, old_standard_altar
D:5:      old_standard_altar, minmay_temple_entry_junction, uniq_prince_ribbit1,
          uniq_grinder
D:6:      uniq_eustachio, uniq_blork_the_orc, uniq_sigmund
D:7:      nicolae_ru_great_annihilating_truth
D:8:      lemuel_mausoleum_altar_kikubaaqudgha, kennysheep_little_box,
          blue_anna_alchemist, serial_bayou_lagoon_a
Temple:   dpeg_three_leaves_temple

Skill      XL: |  1  2  3  4  5  6  7  8 |
---------------+-------------------------+-----
Axes           | 2 |  2.2
Armour         | 3 |  3.1
Unarmed Combat | 1 3 5 6 7 |  7.7
Shields        | 3 4 5 6 |  6.0
Invocations    | 2 4 |  4.9
Fighting       | 4 |  4.8

Action                   |  1- 3 |  4- 6 |  7- 9 || total
-------------------------+-------+-------+-------++-------
Melee: War axe           |    68 |       |       ||    68
       Unarmed           |    79 |   230 |   208 ||   517
Evoke: Wand              |       |       |     1 ||     1
  Use: Potion            |     3 |     1 |     2 ||     6
       Scroll            |       |       |     6 ||     6
 Stab: Paralysed         |       |       |     1 ||     1
  Eat: Chunk             |       |     1 |     3 ||     4
       Bread ration      |       |     1 |       ||     1
       Fruit             |       |       |     3 ||     3
Armor: Scale mail        |    58 |    17 |       ||    75
       Ring mail         |       |    36 |    43 ||    79
Dodge: Dodged            |    44 |    42 |    38 ||   124
Block: Shield            |    72 |    96 |    70 ||   238

Table legend:
 A = Spawn XP
 B = Non-spawn XP
 C = Spawn XP percentage of total XP
 D = Spawn monster count
 E = Non-spawn monster count
 F = Spawn count percentage of total count
 G = Total turns spent on level
                    A         B        C        D         E        F      G
               +---------+---------+-------+---------+---------+-------+---------
         Total |       0 |    3029 |   0.0 |       0 |     149 |   0.0 |  3938
               +---------+---------+-------+---------+---------+-------+---------
           D:1 |       0 |      22 |   0.0 |       0 |      14 |   0.0 |   213
           D:2 |       0 |      99 |   0.0 |       0 |      31 |   0.0 |   925
           D:3 |       0 |     276 |   0.0 |       0 |      30 |   0.0 |   578
           D:4 |       0 |     538 |   0.0 |       0 |      24 |   0.0 |   677
           D:5 |       0 |     701 |   0.0 |       0 |      13 |   0.0 |   479
           D:6 |       0 |     513 |   0.0 |       0 |      16 |   0.0 |   592
           D:7 |       0 |     880 |   0.0 |       0 |      21 |   0.0 |   421
               +---------+---------+-------+---------+---------+-------+---------
